[Event "*** SCC Grand Prix: Titled Tuesday Blitz"]
[Site "Chess.com"]
[Date "2020.06.09"]
[Round "10"]
[White "TERMINATOR_PC"]
[Black "CalinGheorghiu"]
[Result "0-1"]
[WhiteElo "2464"]
[BlackElo "2369"]
[TimeControl "180+1"]
[EndTime "10:59:30 PDT"]
[Termination "CalinGheorghiu won by checkmate"]

1. e4 e6 2. Nf3 d5 3. exd5 exd5 4. d4 Bd6 5. c4 c6 6. Nc3 Nf6 7. cxd5 cxd5 8. Bd3 h6 9. O-O O-O 10. h3 Qb6 11. Bc2 Nc6 12. a3 Be6 13. Qd3 Rfe8 14.
b4 a5 15. b5 Ne7 16. Na4 Qc7 17. Bb3 Bf5 18. Qd1 Rec8 19. Bd2 Bc2 20. Bxc2 Qxc2 21. Nb6 Qxd1 22. Rfxd1 Ne4 23. a4 Rab8 24. Nxc8 Rxc8 25. Bxa5 Rc2 26. Be1 Nf5 27. a5 Rb2 28.
a6 bxa6 29. bxa6 Rb8 30. a7 Ra8 31. Rdb1 Kh7 32. Rb7 Kg6 33. g4 Ne7 34. Ne5+ Bxe5 35. Rxe7 Bxd4 36. Ra6+ f6 37. Kg2 Nc5 38. Rd6 Nd3 39.
Rxd5 Nf4+ 40. Kf3 Nxd5 41. Rd7 Bc3 42. Bxc3 Nxc3 43. Rb7 Na4 44. h4 Nc5 45. Rc7 Ne6 46. Rb7 Nd4+ 47. Kf4 Nc6 48. h5+ Kh7 49. Rc7 Nxa7 50.
Kg3 Nb5 51. Rc5 Ra3+ 52. f3 Nd6 53. Kf4 Nf7 54. Kf5 Rxf3+ 55. Ke4 Rf1 56. Rc7 Ng5+ 57. Ke3 Rg1 58. Kf4 Rd1 59. Rc4 Kg8 60. Kf5 Kh7 61.
Kf4 Rf1+ 62. Kg3 Kg8 63. Rc8+ Kf7 64. Rc7+ Kg8 65. Rc8+ Kh7 66. Rc4 Rf3+ 67. Kg2 Ra3 68. Kf2 Ne6 69. Kg2 Rd3 70. Rc6 Nf4+ 71. Kf2 Nh3+ 72. Kg2 Ng5 73. Rc4 Re3 74. Kf2 Re4 75. Rc5 Rxg4 76. Ke3 Rh4 77. Kf2 Rxh5 78. Kg3 Rh3+ 79. Kg4 Ra3 80. Rc4 Kg6 81. Kh4 h5 82.
Rc5 Rh3# 0-1

[Event "*** SCC Grand Prix: Titled Tuesday Blitz"]
[Site "Chess.com"]
[Date "2020.06.09"]
[Round "10"]
[White "davidkalashian"]
[Black "Fh2411"]
[Result "1-0"]
[WhiteElo "2596"]
[BlackElo "2446"]
[TimeControl "180+1"]
[EndTime "10:59:40 PDT"]
[Termination "davidkalashian won by resignation"]

1. e4 c5 2. Nc3 e6 3. Nf3 a6 4. d4 cxd4 5. Nxd4 Qc7 6. Qf3 b5 7. Qg3 Qxg3 8. hxg3 Bb7 9. f3 Bb4 10. Bd2 Ne7 11. g4 Nbc6 12. Nb3 Ne5 13. a3 Bd6 14.
O-O-O Bc7 15. Be3 O-O-O 16. g5 d5 17. Bc5 N5g6 18. Bd3 Bf4+ 19. Kb1 Bxg5 20. Na5 d4 21.
Nxb7 Kxb7 22. Ne2 e5 23. g3 Be3 24. Rdf1 Nc6 25. f4 f6 26. Rh5 h6 27. f5 Nf8 28.
Bxf8 Rhxf8 29. g4 Rc8 30. Rh2 Rf7 31. Ng3 Rfc7 32. Nh5 Na5 33. Re2 Bg5 34. Rfe1 Nc4 35. Bxc4 bxc4 36. Rd1 Rd8 37. Ka2 d3 38. cxd3 cxd3 39.
Rg2 d2 40. Rgg1 Rc1 41. Ng3 Rd6 42. Ne2 Rc4 43. Nc3 Rb6 44. Rg2 Rd4 45. Re2 Rd3 46. Nd5 Rc6 47. Nc3 Rb6 48. Rg2 Rc6 49. Kb1 Rd4 50.
Kc2 Rcc4 51. Re2 Kc6 52. Rg2 a5 53. Re2 a4 54. Rg2 Kc5 55. Re2 Kb6 56. Rg2 Ka5 57. Re2 Rc6 58. Rg2 Rb6 59. Re2 Rb8 60. Rg2 Rd7 61.
Kb1 Rdb7 62. Rgxd2 Bxd2 63. Rxd2 Rb3 64. Kc1 R3b6 65.
Rd5+ Ka6 66. Nxa4 Rc6+ 67. Nc3 Rbc8 68. Kc2 R8c7 69. Rd8 Rc4 70. Kd3 R4c6 71. Nd5 Rb7 72. Nb4+ Rxb4 73. axb4 Kb5 74. Rb8+ Ka4 75. Rb7 Kb3 76.
Rxg7 Rd6+ 77. Ke3 Kxb4 78. Rg6 Kc4 79. Rxh6 Rd3+ 80. Ke2 Kd4 81. Rxf6 Kxe4 82. g5 Rb3 83. g6 Rxb2+ 84. Kd1 Ke3 85. g7 Rd2+ 86. Kc1 Rg2 87. Rg6 1-0

[Event "*** SCC Grand Prix: Titled Tuesday Blitz"]
[Site "Chess.com"]
[Date "2020.06.09"]
[Round "10"]
[White "Indianlad"]
[Black "obliviate12"]
[Result "0-1"]
[WhiteElo "2974"]
[BlackElo "2834"]
[TimeControl "180+1"]
[EndTime "10:59:47 PDT"]
[Termination "obliviate12 won by resignation"]

1. Nf3 Nf6 2. c4 e6 3. Nc3 d5 4.
d4 Bb4 5. Bg5 h6 6. Bxf6 Qxf6 7.
e3 O-O 8. Qb3 c5 9. cxd5 exd5 10. dxc5 Bxc3+ 11. Qxc3 Qxc3+ 12. bxc3 Be6 13. Rb1 Nd7 14.
Nd4 Nxc5 15. c4 Rac8 16. Nxe6 fxe6 17. f3 Rfd8 18. cxd5 exd5 19. Rd1 Na4 20. Bd3 Nb2 21. Bf5 Nxd1 22. Bxc8 Nxe3 23. Kf2 Rxc8 24. Kxe3 Rc2 25.
a4 Rxg2 26. Rb1 b6 27. a5 bxa5 28. Rb5 Rg5 29. Rb7 Rh5 30. Rxa7 Kh7 31. Kf4 Rxh2 32. Rxa5 Rh5 33. Ra7 Rg5 34. Rd7 Kg6 35. Rd6+ Kf7 36. Ra6 Ke7 37. Ke3 Kf7 38. Kf4 Rg6 39. Ra7+ Kg8 40.
Rd7 Rg5 41. Ke3 Kh7 42. Kf4 Kg6 43. Rd6+ Kh5 44. Ra6 Rg6 45. Ra7 Rf6+ 46. Kg3 g5 47. Rd7 Rf5 48. Rd6 Re5 49. Kf2 Rf5 50. Kg2 Re5 51.
Kg3 Rf5 52. Kg2 g4 53. fxg4+ Kxg4 54. Rxh6 Kf4 55. Re6 Re5 56. Rh6 Ke3 57. Kf1 Kd2 58. Rh2+ Kd3 59. Rh3+ Re3 60. Rh8 d4 61. Ra8 Kc2 62.
Kf2 Re5 63. Ra2+ Kb3 64. Ra7 Kc3 65. Rc7+ Kd2 66. Ra7 d3 67. Kf3 Kc3 68. Rc7+ Kd2 69. Ra7 Re3+ 70. Kf2 Re8 71. Ra2+ Kc3 72. Ra3+ Kc2 73.
Ra2+ Kb3 74. Ra7 d2 75. Rb7+ Kc2 76. Rc7+ Kd1 77. Ra7 Rf8+ 78. Ke3 Ke1 79. Rh7 Re8+ 0-1

[Event "*** SCC Grand Prix: Titled Tuesday Blitz"]
[Site "Chess.com"]
[Date "2020.06.09"]
[Round "10"]
[White "KuzubovYuriy"]
[Black "Jospem"]
[Result "0-1"]
[WhiteElo "2778"]
[BlackElo "2880"]
[TimeControl "180+1"]
[EndTime "10:59:47 PDT"]
[Termination "Jospem won on time"]

1. d4 Nf6 2. c4 e6 3. Nf3 Bb4+ 4. Bd2 Qe7 5. Nc3 b6 6. g3 Bb7 7. Bg2 O-O 8. O-O d6 9. Rc1 Nbd7 10. d5 e5 11. Nh4 Bxc3 12. Bxc3 Bc8 13. b4 a5 14. a3 axb4 15. axb4 Qd8 16. e4 Re8 17. Nf5 Nf8 18. Ne3 Ng6 19. Ra1 Bd7 20. Qc2 h5 21. h4 Qe7 22.
Rxa8 Rxa8 23. Ra1 Qe8 24. Qb2 Qb8 25. Rxa8 Qxa8 26. Qa1 Qb7 27. f3 Kh7 28. Bf1 Qb8 29.
Bd3 Kg8 30. Bd2 Ne7 31. Kf2 Ng6 32. Nd1 Be8 33. Be3 Qc8 34. Kg2 Qb8 35. Nc3 Bd7 36. c5 bxc5 37. bxc5 dxc5 38. Bxc5 c6 39. d6 Nf8 40.
Ne2 Qb3 41. Qc3 Qe6 42. Ng1 Qe8 43. Bc4 Be6 44. Be2 N8d7 45. Be3 Qc8 46. Nh3 Bxh3+ 47.
Kxh3 Ne8 48. Bb5 Nb8+ 49. Kg2 Nxd6 50. Be2 Nd7 51. Qd3 Ne8 52. f4 Nef6 53. fxe5 Nxe5 54. Qd4 Qe6 55. Bf4 Ng6 56. e5 Nd5 57. Bxh5 Ngxf4+ 58. gxf4 Qf5 59. Bf3 Nxf4+ 60. Kg3 Ng6 61. Bxc6 Nxe5 62.
Be4 Qg4+ 63. Kf2 Qxh4+ 64. Kg2 Qg4+ 65. Kf2 Qh4+ 66. Kg2 Ng4 67. Bf3 Qh2+ 68. Kf1 Nf6 69. Qd8+ Kh7 70. Qe7 Qh3+ 71. Kf2 Qe6 72. Qxe6 fxe6 73.
Kg3 Kg6 74. Kf4 Nd7 75. Bc6 Nf8 0-1

[Event "*** SCC Grand Prix: Titled Tuesday Blitz"]
[Site "Chess.com"]
[Date "2020.06.09"]
[Round "10"]
[White "Gabrielian_Artur"]
[Black "LionTheLeon_06"]
[Result "0-1"]
[WhiteElo "2737"]
[BlackElo "2699"]
[TimeControl "180+1"]
[EndTime "10:59:49 PDT"]
[Termination "LionTheLeon_06 won on time"]

1. e4 c5 2. Nc3 d6 3. d4 cxd4 4. Qxd4 Nc6 5. Qd2 g6 6. b3 Bh6 7.
f4 Nf6 8. Bb2 e5 9. g3 O-O 10.
O-O-O Bg4 11. Nge2 Bf3 12. Rg1 Nxe4 13. Nxe4 Bxe4 14.
Nc3 Bf3 15. Be2 Nd4 16. Rgf1 Bc6 17. Kb1 Rc8 18. h4 b5 19. Bd3 b4 20. Ne4 a5 21.
h5 Bg7 22. hxg6 fxg6 23. fxe5 dxe5 24. Rxf8+ Qxf8 25. Bc4+ Kh8 26. Ng5 Be8 27. Rh1 h5 28. g4 Qf4 29. Qxf4 exf4 30. gxh5 gxh5 31. Rf1 f3 32. Nxf3 Nxf3 33. Rxf3 Bxb2 34. Kxb2 Kg7 35. a3 Rc5 36. axb4 axb4 37. c3 bxc3+ 38. Kxc3 h4 39.
b4 Rh5 40. Bf1 Bd7 41. Bh3 Bxh3 42. Rxh3 Kf6 43. Kc4 Kg5 44. b5 Kg4 45. Rh1 h3 46.
b6 Kg3 47. b7 Rh8 48. Rg1+ Kf2 49. Rb1 h2 50. Rb2+ Kg3 51. Rb3+ Kg2 52. Rb2+ Kg3 53. Rb3+ Kg4 54. Rb1 Rb8 55. Rh1 Kg3 56. Rb1 Rxb7 57. Rxb7 h1=Q 58. Rg7+ Kf4 59. Kc5 Ke5 60. Re7+ Kf6 61.
Rd7 Qg1+ 62. Kc6 Ke6 63. Rd6+ Ke5 64. Rd5+ Ke4 65. Rd7 Qc1+ 66. Kd6 Kf5 67. Rf7+ Kg6 68. Re7 Qd2+ 69. Kc6 Kf6 70. Rd7 Qc2+ 71. Kd5 Qd3+ 72. Kc6 Qc4+ 73. Kd6 Qc3 74. Kd5 Qc1 75. Rd6+ Kf5 76.
Rd7 Qd2+ 77. Kc6 Qc3+ 78. Kd5 Qd3+ 79. Kc6 Qc4+ 80. Kd6 Kf6 81. Rb7 Qd4+ 82. Kc6 Ke6 83. Rb5 Qc4+ 84. Kb6 Kd6 85. Rh5 Qc6+ 86. Ka5 Qc3+ 87.
Ka6 Qd3+ 0-1

[Event "*** SCC Grand Prix: Titled Tuesday Blitz"]
[Site "Chess.com"]
[Date "2020.06.09"]
[Round "10"]
[White "goofypenguin96"]
[Black "Grandmaster2B"]
[Result "1/2-1/2"]
[WhiteElo "2334"]
[BlackElo "2426"]
[TimeControl "180+1"]
[EndTime "10:59:51 PDT"]
[Termination "Game drawn by repetition"]

1. e4 c5 2. Nf3 d6 3. c3 Nf6 4.
h3 g6 5. Bd3 Bg7 6. Bc2 O-O 7. d4 cxd4 8. cxd4 d5 9. e5 Ne4 10. Nc3 Nxc3 11. bxc3 Nc6 12. O-O Na5 13. Bd3 Bd7 14. Rb1 Rc8 15. Bd2 b6 16. Qe2 Nc4 17. Bxc4 Rxc4 18. h4 a6 19. h5 Bb5 20. h6 Bh8 21. e6 f6 22. Qe3 Rc6 23. Rfe1 Qc8 24. g4 Rd8 25. Rbc1 Rdd6 26. Qf4 Rxe6 27. Rxe6 Rxe6 28. g5 Re4 29. Qh2 Qg4+ 30. Qg2 Qf5 31. Nh2 Re2 32. Be3 Rxa2 33. Re1 Bd3 34. Qg3 e5 35.
dxe5 fxe5 36. Bxb6 Re2 37. Ra1 Bb5 38. Be3 Qe4 39.
Rd1 Qc2 40. Rf1 Rxe3 41. Qxe3 Bxf1 42. Nxf1 Qf5 43. Ng3 Qf4 44. Qa7 e4 45. Qa8+ Qf8 46. Qxd5+ Qf7 47. Qxe4 Bxc3 48. Qa8+ Qf8 49. Qxa6 Bh8 50.
Qc4+ Qf7 51. Qc8+ Qf8 52. Qc2 Be5 53. Ne4 Bh8 54. Kg2 Qe7 55. Qc4+ Qf7 56. Qxf7+ Kxf7 57. Kf3 Ke6 58. Kg4 Ke5 59. Ng3 Ke6 60. f4 Bc3 61. f5+ gxf5+ 62. Nxf5 Kf7 63. Nh4 Bd2 64. Nf3 Be3 65. Kf5 Bc1 66. Ne5+ Kg8 67. Ng4 Bd2 68. Nf2 Bc1 69. Ne4 Be3 70. Nf6+ Kh8 71. Nd5 Bc1 72. Kf6 Bb2+ 73. Kf7 Bc1 74. Kf6 Bb2+ 75. Kf5 Bc1 76.
Nf6 Bd2 77. Ne4 Bc1 78. Nd6 Bd2 79. Kf6 Bc3+ 80. Kf7 Bb4 81. Nf5 Bd2 82. Kf6 Bc3+ 83. Ke6 Bd2 84. Nd6 Kg8 85. Kf5 Bc1 86. Ne4 Be3 87. Ng3 Bc1 88. Ne2 Be3 89. Nc3 Bd2 90. Nd5 Bc1 91. Ne7+ Kh8 92. Kf6 Bd2 93. Nf5 Bc3+ 94.
Kf7 Bd2 95. Kf6 1/2-1/2